 Dungeon Crawl Stone Soup version 0.32-a0-933-ga8fa3634e4 (webtiles) character file.

Game seed: 13636816397413255337

1254 Autsider the Chiller (level 8, 0/51 (60) HPs)
             Began as a Merfolk Ice Elementalist on Apr 14, 2024.
             Shot with an arrow by a centaur (6 damage)
             ... on level 5 of the Dungeon.
             The game lasted 00:11:01 (5675 turns).

Autsider the Chiller (Merfolk Ice Elementalist)     Turns: 5675, Time: 00:11:02

HP:   0/51 (60)     AC:  9    Str:  8    XL:     8   Next: 51%
MP:   0/12          EV: 12    Int: 16    God:
Gold: 237           SH:  4    Dex: 15    Spells: 6/13 levels left

rFire   . . .        g - +4 trident
rCold   . . .        w - +0 buckler
rNeg    . . .        d - +0 leather armour
rPois   .            (no helmet)
rElec   .            (no cloak)
rCorr   .            (no gloves)
SInv    .            n - +0 pair of boots
Will    +....        (no amulet)
Stlth   ++           r - ring of willpower
HPRegen 0.28/turn    (no ring)
MPRegen 0.13/turn

%: no passive effects
@: ice-armoured, freezing walls, very slightly contaminated, heavily drained
A: (nimble swimmer 2), mertail
a: no special abilities


You were on level 5 of the Dungeon.
You visited 1 branch of the dungeon, and saw 5 of its levels.

You collected 237 gold pieces.

Inventory:

Hand Weapons
 g - a +4 trident (weapon)
 q - a +1 trident of protection
Missiles
 v - 6 javelins
 x - 6 atropa-tipped darts
Armour
 d - a +0 leather armour (worn)
 n - a +0 pair of boots (worn)
 w - a +0 buckler (worn)
Jewellery
 r - a ring of willpower (left hand)
Wands
 i - a wand of digging (7)
 k - a wand of warping (9)
 l - a wand of mindburst (6)
Scrolls
 a - 2 scrolls of revelation {unknown}
 c - a scroll of vulnerability
 e - a scroll of fear {unknown}
 f - a scroll of enchant armour {unknown}
 o - a scroll of summoning {unknown}
 s - 3 scrolls of immolation {unknown}
 t - 3 scrolls of teleportation {unknown}
 y - a scroll of enchant weapon {unknown}
 z - a scroll of brand weapon {unknown}
 A - a scroll of identify {@r1}
Potions
 b - 3 potions of magic
 h - 3 potions of attraction
 j - 2 potions of lignification
 m - 3 potions of curing {@q1}
 p - 2 potions of heal wounds
 u - 2 potions of degeneration {unknown}


   Skills:
 + Level 4.3 Fighting
 + Level 4.4 Polearms
 - Level 2.0 Armour
 - Level 6.0 Dodging
 - Level 2.1 Stealth
 + Level 3.1 Spellcasting
 * Level 7.9 Ice Magic


You had 6 spell levels left.
You knew the following spells:

 Your Spells              Type           Power      Damage    Failure   Level
a - Freeze                Ice            100%       1d10      1%          1
b - Frozen Ramparts       Ice            54%        1d9       4%          3
c - Ozocubu's Armour      Ice            27%        N/A       4%          3

Your spell library contained the following spells:

 Spells                   Type           Power      Damage    Failure   Level
 Summon Ice Beast         Ice/Summ       15%        N/A       24%         3
 Shock                    Conj/Air       8%         1d3       38%         1
 Swiftness                Air            2%         N/A       77%         3
 Airstrike                Air            1%         2d(1-17)  99%         4
 Sculpt Simulacrum        Ice/Alch       7%         N/A       100%        6
 Ozocubu's Refrigeration  Ice            13%        4d10      100%        7
 Polar Vortex             Ice            13%        12d1*     100%        9


Dungeon Overview and Level Annotations

Branches:
Dungeon (5/15)
 Temple: D:4-7

Altars:
Kikubaaqudgha
Qazlal

Annotations:
D:3 2 transporters, Cris's ghost, amateur DsCj


Innate Abilities, Weirdness & Mutations

((You are very nimble when in or above water. (Stealth+, EV+, Speed+++)))
Your lower body shifts to a powerful aquatic tail in water.


Message History

The centaur wields a +2 orcbow of draining.
You sense an unholy aura.
The centaur shoots an arrow.
The arrow hits you!
You feel drained.
The centaur shoots an arrow.
The arrow hits you!
You feel drained.
You hear an angry hiss.
You see here 14 gold pieces.
Casting: Ozocubu's Armour (dangerous; 4% risk of failure)
Confirm with . or Enter, or press ? or * to list all spells.
Casting: Frozen Ramparts (dangerous; 4% risk of failure)
Press: ? - help, Dir - look around, f - activate You miscast Frozen Ramparts.
You are very lightly contaminated with residual magic.
Nothing appears to happen.
The centaur shoots an arrow.
The arrow misses you.
Casting: Frozen Ramparts (dangerous; 4% risk of failure)
Confirm with . or Enter, or press ? or * to list all spells.
A film of ice covers your body!
The centaur shoots an arrow.
The arrow hits you.
You feel drained.
The centaur shoots an arrow.
The arrow misses you.
The centaur shoots an arrow.
The arrow hits you!
* * * LOW HITPOINT WARNING * * *
You feel drained.
Your icy armour cracks and falls away as you move.
An iguana comes into view.
The centaur shoots an arrow.
The arrow hits you!
* * * LOW HITPOINT WARNING * * *
You feel drained.
* * * LOW HITPOINT WARNING * * *
The centaur shoots an arrow.
The arrow closely misses you.
Casting: Ozocubu's Armour (dangerous; 4% risk of failure)
Confirm with . or Enter, or press ? or * to list all spells.
A film of ice covers your body!
The centaur shoots an arrow.
The arrow hits you but does no damage.
You feel drained.
The iguana bites you but does no damage.
Casting: Ozocubu's Armour (dangerous; 4% risk of failure)
Confirm with . or Enter, or press ? or * to list all spells.
Casting: Frozen Ramparts (dangerous; 4% risk of failure)
Press: ? - help, Dir - look around, f - activate The walls around you are covered in ice.
The wall freezes the centaur.
The centaur shoots an arrow.
The arrow hits you.
You die...

######## ###
#.....$# ..c
#.#...@##.####
#......l.....#
##......c#....#
.##..........###.
............#
#..........# .
##.......##....
#.#. ###.....##
#... #.#.##
#......## ...


You could see a centaur and an iguana.

Vanquished Creatures
  Sigmund (D:5)
  Menkaure (D:5)
  A black bear (D:5)
  An ogre (D:5)
  A phantom (D:5)
  3 scorpions
  A howler monkey (D:4)
  A bombardier beetle (D:3)
  A jelly (D:5)
  2 orc priests (D:4)
  2 iguanas
  6 orc wizards
  4 gnolls (D:3)
  2 adders
  3 dart slugs
  A ribbon worm (D:4)
  18 orcs
  3 bats
  8 endoplasms
  3 giant cockroaches
  5 hobgoblins
  7 jackals
  6 quokkas
  5 ball pythons
  4 frilled lizards
  9 goblins
  8 kobolds
  5 rats
112 creatures vanquished.

Notes
Turn   | Place    | Note
-------+----------+-------------------------------------------
     0 | D:1      | Autsider the Merfolk Ice Elementalist began the quest for
                  | the Orb.
     0 | D:1      | Reached XP level 1. HP: 13/13 MP: 3/3
   281 | D:1      | Reached XP level 2. HP: 20/20 MP: 3/5
  1626 | D:2      | Reached XP level 3. HP: 25/25 MP: 4/6
  1630 | D:2      | Learned a level 3 spell: Frozen Ramparts
  2219 | D:3      | Found a transporter.
  2222 | D:3      | Noticed Cris's ghost (amateur DsCj)
  2224 | D:3      | Noticed an ogre
  2224 | D:3      | Noticed an ogre
  2225 | D:3      | Found a transporter.
  2245 | D:3      | Reached skill level 1 in Fighting
  2245 | D:3      | Reached skill level 1 in Armour
  2289 | D:3      | Reached skill level 5 in Ice Magic
  2290 | D:3      | Reached XP level 4. HP: 19/32 MP: 0/7
  2399 | D:3      | Reached XP level 5. HP: 37/37 MP: 1/8
  2931 | D:3      | Found a stormy altar of Qazlal.
  3515 | D:3      | Learned a level 3 spell: Ozocubu's Armour
  3527 | D:4      | Reached XP level 6. HP: 44/44 MP: 2/9
  3631 | D:4      | Reached skill level 1 in Polearms
  3632 | D:4      | Reached skill level 6 in Ice Magic
  4199 | D:4      | Found an ancient bone altar of Kikubaaqudgha.
  4232 | D:4      | Reached skill level 5 in Dodging
  4232 | D:4      | Reached XP level 7. HP: 47/51 MP: 10/10
  4683 | D:5      | Entered Level 5 of the Dungeon
  4955 | D:5      | Noticed Sigmund
  4970 | D:5      | Killed Sigmund
  4971 | D:5      | Reached skill level 7 in Ice Magic
  4979 | D:5      | Reached XP level 8. HP: 53/60 MP: 3/11
  5214 | D:5      | Noticed Menkaure
  5231 | D:5      | Killed Menkaure
  5675 | D:5      | Shot with an arrow by a centaur

Illustrated notes

Levels and vault maps discovered:
D:1:      denvon_arrival_planthouse, layout_basic
D:2:      layout_loops_cross, grunt_ministairs_1, reono_crystal_passage
D:3:      layout_loops_corners, lemuel_doored_altar, gammafunk_ghost_smash,
          chequers_serial_rivers_large_a, minmay_misc_feat_ornament,
          minmay_goblin_kobold_house
D:4:      layout_layer_cave, kiku_gazebo_garden_becter
D:5:      minmay_evil_eye, layout_loops_cross, uniq_menkaure, uniq_sigmund

Skill      XL: |  1  2  3  4  5  6  7  8 |
---------------+-------------------------+-----
Dodging        | 3 4 5 6 |  6.0
Fighting       | 1 2 3 4 |  4.3
Armour         | 1 2 |  2.0
Ice Magic      | 5 6 7 |  7.9
Polearms       | 2 3 4 |  4.4
Spellcasting   | 3 |  3.1
Stealth        | |  2.1

Action                     |  1- 3 |  4- 6 |  7- 9 || total
---------------------------+-------+-------+-------++-------
  Melee: Unarmed           |    39 |     3 |       ||    42
         Punch             |     1 |       |       ||     1
         Trident           |       |   119 |    53 ||   172
   Cast: Freeze            |    41 |     2 |       ||    43
         Frozen Ramparts   |     2 |    15 |     9 ||    26
         Ozocubu's Armour  |       |     5 |     7 ||    12
  Evoke: Wand              |       |       |     4 ||     4
    Use: Scroll            |     3 |     2 |       ||     5
   Stab: Sleeping          |     3 |     4 |       ||     7
 Armour: Robe              |     5 |       |       ||     5
         Leather armour    |    22 |    62 |    30 ||   114
  Dodge: Dodged            |    32 |    76 |    20 ||   128
  Block: Buckler           |       |       |     9 ||     9

Table legend: (Time is in decaauts)
 A = Elapsed time spent in this place.
 B = Non-inter-level travel time spent in this place.
 C = Inter-level travel time spent in this place.
 D = Time resting spent in this place.
 E = Time spent auto-exploring this place.
 F = Levels seen in this place.
 G = Mean time per level.
                   A        B        C        D        E       F      G
               +--------+--------+--------+--------+--------+-----+--------+
         Total |   5702 |   5615 |     87 |    164 |   4631 |   5 | 1140.4 |
       Dungeon |   5702 |   5615 |     87 |    164 |   4631 |   5 | 1140.4 |
               +--------+--------+--------+--------+--------+-----+--------+

Top non-repeatable levels by time:
     D:1: 1384 daAuts
     D:3: 1379 daAuts
     D:4: 1195 daAuts
     D:5: 1002 daAuts
     D:2: 741 daAuts
